 Dungeon Crawl Stone Soup version 0.30-a0-591-g3c58d2bc28 (webtiles) character file.

Game seed: 13297870922027237866

236 wormed the Changer (level 6, 0/40 HPs)
             Began as an Octopode Transmuter on Jan 4, 2023.
             Slain by Edmund
             ... wielding a +3 flail of holy wrath
              (4 damage)
             ... on level 4 of the Dungeon.
             The game lasted 00:05:16 (5008 turns).

wormed the Changer (Octopode Transmuter)            Turns: 5008, Time: 00:05:17

Health: 0/40       AC:  3    Str:  8 (9)  XL:     6   Next: 6%
Magic:  5/10       EV: 13    Int: 16 (18) God:
Gold:   135        SH:  0    Dex:  9 (12) Spells: 3/10 levels left

rFire   . . .      SeeInvis .      - Unarmed
rCold   . . .      Faith    .    (no shield)
rNeg    . . .      Spirit   .    f - +2 hat
rPois   .          Reflect  .    (no amulet)
rElec   .          Harm     .    (no ring)
rCorr   .          Rampage  .    (no ring)
Will    .....                    (no ring)
Stlth   ++                       (no ring)
HPRegen 0.26/turn                (no ring)
MPRegen 0.12/turn                (no ring)
                                 (no ring)
                                 (no ring)

@: about to teleport
A: almost no armour, amphibious, 8 rings, camouflage 1, gelatinous body 1,
(nimble swimmer 1), tentacles
a: no special abilities


You were on level 4 of the Dungeon.
You visited 1 branch of the dungeon, and saw 4 of its levels.

You collected 135 gold pieces.

Inventory:

Armour
 f - a +2 hat (worn)
Scrolls
 a - a scroll of magic mapping
 d - a scroll of fog
Potions
 g - a potion of degeneration


   Skills:
 + Level 2.3 Fighting
 + Level 2.7 Dodging
 + Level 3.6 Unarmed Combat
 + Level 2.8 Spellcasting
 * Level 3.7 Transmutations
 + Level 1.6 Ice Magic


You had 3 spell levels left.
You knew the following spells:

 Your Spells              Type           Power      Damage    Failure   Level
a - Beastly Appendage     Tmut           28%        N/A       4%          1
b - Wereblood             Tmut           14%        N/A       6%          2
c - Ice Form              Ice/Tmut       10%        N/A       54%         4

Your spell library contained the following spells:

 Spells                   Type           Power      Damage    Failure   Level
 Spider Form              Tmut/Pois      8%         N/A       26%         3
 Portal Projectile        Hex/Tloc       4%         N/A       50%         3
 Tukima's Dance           Hex            2%         N/A       50%         3
 Blade Hands              Tmut           7%         N/A       75%         5


Dungeon Overview and Level Annotations

Branches:
Dungeon (4/15)
 Temple: D:4-7

Altars:
Hepliaklqana
Kikubaaqudgha
Okawaru

Shops:
D:2 (   D:3 !

Annotations:
D:4 1 runed translucent door, Edmund; bande's ghost, novice GrFi


Innate Abilities, Weirdness & Mutations

You cannot wear most types of armour.
You are amphibious.
You can wear up to eight rings at the same time.
Your skin changes colour to match your surroundings (Stealth+).
Your rubbery body absorbs attacks. (AC +1, EV +1)
((You are camouflaged when in or above water. (Stealth+)))
You have tentacles for arms and can constrict up to eight enemies at once.


Message History

Edmund hits you with a +3 flail of holy wrath.
You hit Edmund. You freeze Edmund.
Edmund is moderately wounded.
Edmund barely misses you.
You hit Edmund but do no damage.
Edmund is moderately wounded.
Edmund hits you with a +3 flail of holy wrath.
You barely miss Edmund.
Edmund is moderately wounded.
Edmund barely misses you.
You hit Edmund but do no damage.
Edmund is moderately wounded.
Edmund hits you with a +3 flail of holy wrath.
* * * LOW HITPOINT WARNING * * *
You hit Edmund. You freeze Edmund.
Edmund is heavily wounded.
Edmund hits you with a +3 flail of holy wrath.
* * * LOW HITPOINT WARNING * * *
It was a potion of degeneration.
There was something very wrong with that liquid.
You feel weakened.
You feel dopey.
You feel clumsy. Edmund closely misses you.
It was a potion of resistance.
You feel protected.
Edmund hits you with a +3 flail of holy wrath!
* * * LOW HITPOINT WARNING * * *
It was a potion of cancellation.
Your magical effects are unravelling.
You feel magically purged.
You warm up again.
Your +2 hat unmelds from your body.
Your resistance to elements expires.
Edmund closely misses you.
As you read the scroll labelled VAOGOTICRUU, it crumbles to dust.
You feel strangely unstable.
It was a scroll of teleportation.
Edmund barely misses you.
You see here a hobgoblin corpse.
Edmund attacks as you move away!
Edmund hits you with a +3 flail of holy wrath.
You die...

......# #.# #.
.......# #.# #.
##..<#..# ##.# #.
#....... #..# #.
#...#..# ##.# ## #.#
##)# #.# # #.# #.# #
#@# ### #.# #
#@#####.#####.# #
####.............####
#.........#####......
#.###.###.# #.##### #
#.# #.# #># #.# #)#
#.# #.# #)# ##.## #.#
#.# #...#### #<# #.#
#.......


You could see Edmund.

Vanquished Creatures
  2 iguanas
  An orc wizard (D:4)
  4 gnolls (D:3)
  5 adders
  A worm (D:3)
  A dart slug (D:1)
  6 orcs
  6 ball pythons
  7 bats
  2 endoplasms
  3 giant cockroaches
  3 goblins
  7 hobgoblins
  9 kobolds
  4 quokkas
  3 frilled lizards
  5 rats
69 creatures vanquished.

Vanquished Creatures (others)
  39 plants
39 creatures vanquished.

Grand Total: 108 creatures vanquished

Notes
Turn   | Place    | Note
-------+----------+-------------------------------------------
     0 | D:1      | wormed the Octopode Transmuter began the quest for the Orb.
     0 | D:1      | Reached XP level 1. HP: 13/13 MP: 3/3
   189 | D:1      | Reached XP level 2. HP: 18/18 MP: 3/5
   484 | D:1      | Learned a level 2 spell: Wereblood
  1151 | D:1      | Reached XP level 3. HP: 23/23 MP: 2/6
  2241 | D:2      | Found Caiby's Antique Weapon Emporium.
  2760 | D:3      | Reached skill level 1 in Ice Magic
  2760 | D:3      | Reached XP level 4. HP: 21/28 MP: 3/7
  3169 | D:3      | Found a hazy altar of Hepliaklqana.
  3171 | D:3      | Found an ancient bone altar of Kikubaaqudgha.
  3274 | D:3      | Found Bisedghe's Distillery.
  3783 | D:3      | Found an iron altar of Okawaru.
  3787 | D:3      | Reached XP level 5. HP: 32/34 MP: 4/8
  4206 | D:3      | Learned a level 4 spell: Ice Form
  4637 | D:4      | Found a runed translucent door.
  4643 | D:4      | Noticed bande's ghost (novice GrFi)
  4949 | D:4      | Reached XP level 6. HP: 39/39 MP: 6/10
  4986 | D:4      | Noticed Edmund
  5008 | D:4      | Slain by Edmund

Illustrated notes

Levels and vault maps discovered:
D:1:      minmay_arrival_split_and_join, layout_basic, serial_bayou_pond_c,
          chequers_serial_rivers_large_a
D:2:      layout_basic, serial_shops, nicolae_shop_advertising_works
          [nicolae_subvault_shop_adworks]
D:3:      layout_loops_corners, mainiacjoe_overflow_tiny_flanked,
          mainiacjoe_overflow_catch_the_wave, serial_shops,
          nicolae_shop_statue_plus, minmay_randomly_rotated_circles
D:4:      layout_loops_ring, cheibrodos_worm_habitat,
          ebering_ghost_reflecting_pool, minmay_puff, uniq_robin, uniq_edmund

Skill      XL: |  1  2  3  4  5 |
---------------+----------------+-----
Ice Magic      | 1 |  1.6
Transmutations | 3 |  3.7
Fighting       | 2 |  2.3
Dodging        | |  2.7
Unarmed Combat | |  3.6
Spellcasting   | |  2.8

Action                   |  1- 3 |  4- 6 || total
-------------------------+-------+-------++-------
Melee: Unarmed           |    83 |    82 ||   165
       Constrict         |    18 |    21 ||    39
       Tentacles         |    17 |    16 ||    33
       Kick              |    16 |    23 ||    39
       Punch             |     3 |     1 ||     4
 Cast: Beastly Appendage |    26 |    16 ||    42
       Wereblood         |    20 |    12 ||    32
       Ice Form          |       |     1 ||     1
  Use: Scroll            |     5 |     4 ||     9
       Potion            |       |     7 ||     7
 Stab: Sleeping          |     6 |     4 ||    10
Armor: Skin              |     6 |    10 ||    16
Dodge: Dodged            |    49 |    42 ||    91

Table legend: (Time is in decaauts)
 A = Elapsed time spent in this place.
 B = Non-inter-level travel time spent in this place.
 C = Inter-level travel time spent in this place.
 D = Time resting spent in this place.
 E = Time spent auto-exploring this place.
 F = Levels seen in this place.
 G = Mean time per level.
                   A        B        C        D        E       F      G
               +--------+--------+--------+--------+--------+-----+--------+
         Total |   5010 |   4884 |    126 |   1035 |   3289 |   4 | 1252.5 |
       Dungeon |   5010 |   4884 |    126 |   1035 |   3289 |   4 | 1252.5 |
               +--------+--------+--------+--------+--------+-----+--------+

Top non-repeatable levels by time:
     D:3: 1911 daAuts
     D:1: 1381 daAuts
     D:2: 1331 daAuts
     D:4: 386 daAuts
